 Dungeon Sprint DCSS version 0.28.0-47-ge53b351184 (webtiles) character file.

Game seed: 4829558570336383384

108 browni3141 the Carver (level 5, 0/43 HPs)
             Began as a Formicid Fighter on May 4, 2022.
             Killed from afar by a deep elf pyromancer (36 damage)
             ... with a bolt of fire
             ... in the Dungeon (Sprint III: "The Ten Rune Challenge").
             The game lasted 00:01:32 (563 turns).

browni3141 the Carver (Formicid Fighter)             Turns: 563, Time: 00:01:32

Health: 0/43       AC:  9    Str: 21    XL:     5   Next: 12%
Magic:  5/5        EV: 10    Int:  7    God:
Gold:   31         SH:  5    Dex: 14    Spells: 4/4 levels left

rFire   . . .      SeeInvis +   a - +0 long sword
rCold   . . .      Faith    .   c - +0 buckler
rNeg    . . .      Spirit   .   b - +0 scale mail
rPois   .          Reflect  .   (helmet unavailable)
rElec   .          Harm     .   (no cloak)
rCorr   .          Rampage  .   (no gloves)
Will    .....                   (no boots)
Stlth   ..........              (no amulet)
HPRegen 0.14/turn               (no ring)
MPRegen 0.09/turn               (no ring)

@: no status effects
A: permanent stasis, dig shafts and tunnels, antennae 3, four strong arms,
iridescent scales 1, agile 1
a: Dig


You were in the Dungeon.
You visited 1 branch You collected 31 gold pieces.


Innate Abilities, Weirdness & Mutations

You cannot be hasted, slowed, berserked, paralysed or teleported.
You can dig through walls and to a lower floor.
You have a pair of large antennae on your head. (SInv)
Your four strong arms can wield two-handed weapons with a shield.
You are partially covered in iridescent scales. (AC +2)
You are agile. (Dex +2)


   Skills:
 * Level 4.6 Fighting
 - Level 8.0 Long Blades
 * Level 4.1 Armour
 * Level 1.6 Dodging
 * Level 4.5 Shields


You had 4 spell levels left.
You didn't know any spells.
Your spell library was empty.

Inventory:

Hand Weapons
 a - a +0 long sword (weapon)
Armour
 b - a +0 scale mail (worn)
 c - a +0 buckler (worn)
Scrolls
 i - 2 scrolls of torment {unknown}
 j - a scroll of immolation {unknown}
 l - a scroll of identify {unknown}
Potions
 d - a potion of might
 e - a potion of degeneration {unknown}
 f - a potion of heal wounds {@q2}
 g - 2 potions of magic
 h - a potion of cancellation {unknown}
 k - 2 potions of flight {unknown}
 m - 3 potions of mutation {!q}

Dungeon Overview and Level Annotations

Branches:
Dungeon (1/1)

Altars:
Elyvilon
Zin
The Shining One ¦¦¦¦

¦¦¦ ...#### ##.¦¦¦¦¦
......#####..¦???¦ {
.......#..#..¦!e.¦ { {
#.##...#..#..¦¦¦@¦+¦¦¦+
#.###..##'#..¦..........
##.##..###...'.⌠........
..##..####...¦...¦¦¦¦¦¦+
..##..###....¦.⌠.¦ { {
.##...##.....¦...¦
##....#......¦+¦¦¦
##..##.#.....¦ {{
#..#####....¦


You could see a deep elf pyromancer.


Message History

There is an open door to the Ecumenical Temple here.
You open the door.
Found a glowing silver altar of Zin.
A deep elf pyromancer comes into view.
It is wielding a +2 long sword of holy wrath.
Found 2 potions of heal wounds.
Found two altars.
The deep elf pyromancer shouts!
There is an open door here.
You slash the deep elf pyromancer!
The deep elf pyromancer is moderately wounded.
The deep elf pyromancer points at you and mumbles some strange words.
The bolt of fire misses you.
You slash the deep elf pyromancer!
The deep elf pyromancer is heavily wounded.
The deep elf pyromancer hits you with a +2 long sword of holy wrath.
You closely miss the deep elf pyromancer.
The deep elf pyromancer is heavily wounded.
The deep elf pyromancer casts a spell at you.
The sticky flame hits you.
You are covered in liquid flames!
You hit the deep elf pyromancer.
The deep elf pyromancer is severely wounded.
You are covered in liquid flames!
You are no longer on fire.
The deep elf pyromancer barely misses you.
You slash the deep elf pyromancer!
The deep elf pyromancer is almost dead.
The deep elf pyromancer casts a spell at you.
The bolt of fire hits you!!!
Ouch! That really hurt!
You die...

Skill      XL: |  1  2  3  4 |
---------------+-------------+-----
Long Blades    | 6 7 8 |  8.0
Fighting       | 4 |  4.6
Armour         | 4 |  4.1
Dodging        | 1 |  1.6
Shields        | 4 |  4.5

Action                   |  1- 3 |  4- 6 || total
-------------------------+-------+-------++-------
Melee: Long sword        |    25 |    11 ||    36
  Use: Potion            |     1 |     3 ||     4
Armor: Scale mail        |     2 |     1 ||     3
Dodge: Dodged            |    10 |     5 ||    15
Block: Buckler           |     1 |     1 ||     2

Levels and vault maps discovered:
D:        dungeon_sprint_mu [sprint_mu_entry_cave, sprint_mu_temple_rooms,
          sprint_mu_d1_spiders, sprint_mu_d2_genie, sprint_mu_d3_branching,
          sprint_mu_orc_legion, sprint_mu_elf_gauntlet, sprint_mu_hive_nellie,
          sprint_mu_lair_fedhas, sprint_mu_vaults_butterflies,
          sprint_mu_slime_circle, sprint_mu_swamp_cave, sprint_mu_snake_twists,
          sprint_mu_blade_basic, sprint_mu_crypt_chambers,
          sprint_mu_tomb_spiral, sprint_mu_vestibule_basic,
          sprint_mu_gehenna_hellfire, sprint_mu_dis_giant,
          sprint_mu_tartarus_statrot, sprint_mu_cocytus_islands, sprint_mu_zot1]

Notes
Turn   | Place    | Note
-------+----------+-------------------------------------------
     0 | D        | browni3141 the Formicid Fighter began the quest for the
                  | Orb.
     0 | D        | Reached XP level 1. HP: 18/18 MP: 1/1
    35 | D        | Reached skill level 3 in Long Blades
    48 | D        | Noticed Jessica
    63 | D        | HP: 1/18 [Jessica/nerve-wracking pain (10)]
    65 | D        | Killed Jessica
    66 | D        | Reached skill level 6 in Long Blades
    66 | D        | Reached XP level 2. HP: 18/25 MP: 2/2
    66 | D        | Reached XP level 3. HP: 21/30 MP: 3/3
   185 | D        | Reached skill level 4 in Fighting
   192 | D        | Reached skill level 7 in Long Blades
   192 | D        | Reached XP level 4. HP: 15/37 MP: 4/4
   392 | D        | Gained mutation: Your magical capacity is low. (-10% MP)
                  | [potion of mutation]
   393 | D        | Lost mutation: Your magical capacity is low. (-10% MP)
                  | [potion of mutation]
   393 | D        | Gained mutation: A frigid envelope surrounds you and
                  | freezes all who hurt you. [potion of mutation]
   394 | D        | Lost mutation: A frigid envelope surrounds you and freezes
                  | all who hurt you. [potion of mutation]
   394 | D        | Gained mutation: You are partially covered in iridescent
                  | scales. (AC +2) [potion of mutation]
   394 | D        | Gained mutation: You are agile. (Dex +2) [potion of
                  | mutation]
   410 | D        | Noticed a water elemental
   424 | D        | Killed a water elemental
   425 | D        | Reached skill level 8 in Long Blades
   425 | D        | Reached skill level 4 in Armour
   425 | D        | Reached skill level 1 in Dodging
   425 | D        | Reached skill level 4 in Shields
   425 | D        | Reached XP level 5. HP: 25/43 MP: 5/5
   557 | D        | Found a glowing silver altar of Zin.
   558 | D        | Found a glowing golden altar of the Shining One.
   558 | D        | Found a white marble altar of Elyvilon.
   558 | D        | Noticed a deep elf pyromancer
   563 | D        | Killed from afar by a deep elf pyromancer

Vanquished Creatures
  A water elemental (D)
  Jessica (D)
  A human (D)
  A phantom (D)
  2 endoplasms (D)
6 creatures vanquished.

Table legend: (Time is in decaauts)
 A = Elapsed time spent in this place.
 B = Non-inter-level travel time spent in this place.
 C = Inter-level travel time spent in this place.
 D = Time resting spent in this place.
 E = Time spent auto-exploring this place.
 F = Levels seen in this place.
 G = Mean time per level.
                   A        B        C        D        E       F      G
               +--------+--------+--------+--------+--------+-----+--------+
         Total |    567 |    567 |      0 |    126 |    336 |   1 |  567.0 |
       Dungeon |    567 |    567 |      0 |    126 |    336 |   1 |  567.0 |
               +--------+--------+--------+--------+--------+-----+--------+

Top non-repeatable levels by time:
       D: 567 daAuts

Table legend:
 A = Non-vault XP
 B = Vault XP
 C = Vault XP percentage of total XP
 D = Non-vault monster count
 E = Vault monster count
 F = Vault count percentage of total count
                 A         B        C        D         E       F
            +---------+---------+-------+---------+---------+-------
      Total |       0 |     155 | 100.0 |       0 |       6 | 100.0
            +---------+---------+-------+---------+---------+-------
          D |       0 |     155 | 100.0 |       0 |       6 | 100.0
            +---------+---------+-------+---------+---------+-------
